 Dungeon Crawl Stone Soup version 0.22-a0-422-g9628fc8 (webtiles) character file.

273 iamserjio the Digger (level 6, 0/41 HPs)
             Began as a Formicid Earth Elementalist on May 18, 2018.
             Slain by Pikel
             ... wielding a +1 whip of freezing
              (8 damage)
             ... on level 3 of the Dungeon.
             The game lasted 00:06:40 (3364 turns).

iamserjio the Digger (Formicid Earth Elementalist)  Turns: 3364, Time: 00:06:41

Health: 0/41       AC:  2    Str: 13    XL:     6   Next: 48%
Magic:  10/12      EV: 12    Int: 16    God:
Gold:   78         SH:  0    Dex: 11    Spells: 7/13 levels left

rFire    . . .     SeeInvis +   l - +0 whip (venom)
rCold    . . .     Gourm    .   (no shield)
rNeg     . . .     Faith    .   c - +0 robe
rPois    .         Spirit   .   (helmet unavailable)
rElec    .         Reflect  .   (no cloak)
rCorr    .         Harm     .   (no gloves)
MR       .....                  (no boots)
Stlth    ++........             (no amulet)
HPRegen  0.13/turn              (no ring)
MPRegen  0.13/turn              (no ring)

@: no status effects
A: permanent stasis, dig shafts and tunnels, four strong arms, antennae 3
a: Dig, Shaft Self


You were on level 3 of the Dungeon.
You were not hungry.

You visited 1 branch of the dungeon, and saw 4 of its levels.

You collected 78 gold pieces.

Inventory:

Hand Weapons
 l - a +0 whip of venom (weapon)
Missiles
 b - 35 stones (quivered)
Armour
 c - a +0 robe (worn)
Wands
 k - a wand of iceblast (10)
Scrolls
 a - a scroll of noise {unknown}
 e - 2 scrolls of teleportation {unknown}
 h - 2 scrolls of enchant weapon {unknown}
 m - a scroll of random uselessness {unknown}
 n - a scroll of amnesia {unknown}
 p - 2 scrolls of identify {unknown}
 q - 2 scrolls of magic mapping {unknown}
Potions
 f - 3 potions of flight {unknown}
 g - a potion of lignification {unknown}
 i - a potion of brilliance {unknown}
 j - a potion of heal wounds {unknown}
 o - a potion of cancellation {unknown}
 r - a potion of degeneration {unknown}
Comestibles
 d - 6 rations


   Skills:
 + Level 0.0 Fighting
 - Level 1.7 Dodging
 - Level 2.4 Stealth
 + Level 4.0 Spellcasting
 - Level 1.1 Transmutations
 * Level 7.0 Earth Magic


You had 7 spell levels left.
You knew the following spells:

 Your Spells              Type           Power        Failure   Level  Hunger
a - Sandblast             Erth           ####..       1%          1    None
b - Stone Arrow           Conj/Erth      ##....       12%         3    ###....
c - Passwall              Tmut/Erth      ###.......   4%          2    ##.....

Your spell library contained the following spells:

 Spells                   Type           Power        Failure   Level  Hunger
 Lee's Rapid Deconstruct  Erth           ####......   26%         5    ######.
 Petrify                  Tmut/Erth      ###.....     30%         4    ####...


Dungeon Overview and Level Annotations

Branches:
Dungeon (4/15)
 Temple: D:4-7

Altars:

Annotations:
D:3 Pikel
D:4 Robin


Innate Abilities, Weirdness & Mutations

You cannot be hasted, slowed, berserked, paralysed or teleported.
You can dig through walls and to a lower floor.
Your four strong arms can wield two-handed weapons with a shield.
You have a pair of large antennae on your head. (SInv)


Message History

Pikel closely misses you.
Casting: Sandblast (safe; 1% risk of failure)
Confirm with . or Enter, or press ? or * to list all spells.
Aiming: Sandblast (safe; 1% risk of failure)
Press: ? - help, Shift-Dir - straight line, f/p - Pikel
Aim: Pikel, wielding a whip of freezing and wearing a runed robe (lightly wounded)
The blast of sand hits Pikel.
Pikel is moderately wounded.
b - 35 stones Pikel hits you with a whip of freezing.
* * * LOW HITPOINT WARNING * * *
Pikel freezes you.
* * * LOW HITPOINT WARNING * * *
Things that are here:
a club x2
Pikel says, "I'm sure the Orcish Mines are around here somewhere..."
Pikel says, "You'll fetch a fair price!"
Pikel cracks his whip.
Pikel hits you with a whip of freezing!
You die...

....(...###..#####...###..# ##.#
........#...####...#####.## #.#
........#...###..### #...# #..
........#..##...######.### ##.
#......##..............# ##
##...)###..#..###.....## ###
#######...##.####.###..########..
....>.).####.###K.# ##...........
#.####### #..##.@## ###.........
#.# #.###.## ###......... #.#
#.###.# ####........... #.#
#.##..###.............. #.#
##.##.....<...#......... #.####
###............###########
.....###....########......#
.........#..#.........###.#####
.....####...#.........# #....>#


You could see Pikel.

Vanquished Creatures
  Sigmund (D:2)
  3 adders
  3 oozes
  2 worms
  A dart slug (D:2)
  A leopard gecko (D:1)
  5 orcs
  12 giant cockroaches
  3 hobgoblins
  2 kobolds
  7 bats
  4 frilled lizards
  14 goblins
  7 rats
65 creatures vanquished.

Notes
Turn   | Place    | Note
-------+----------+-------------------------------------------
     0 | D:1      | iamserjio the Formicid Earth Elementalist began the quest for the Orb.
     0 | D:1      | Reached XP level 1. HP: 13/13 MP: 3/3
   162 | D:1      | Reached skill level 4 in Earth Magic
   163 | D:1      | Reached XP level 2. HP: 19/19 MP: 0/5
   827 | D:2      | Noticed Sigmund
  1167 | D:2      | Reached XP level 3. HP: 15/24 MP: 1/6
  1444 | D:2      | Found a faded altar of an unknown god.
  1450 | D:2      | Learned a level 3 spell: Stone Arrow
  1453 | D:2      | Learned a level 2 spell: Passwall
  1468 | D:2      | Killed Sigmund
  1468 | D:2      | Reached skill level 6 in Earth Magic
  1468 | D:2      | Reached XP level 4. HP: 30/30 MP: 2/9
  1468 | D:2      | Reached XP level 5. HP: 35/35 MP: 2/10
  1828 | D:2      | Reached XP level 6. HP: 40/41 MP: 11/11
  2834 | D:3      | Reached skill level 7 in Earth Magic
  3014 | D:4      | Noticed Robin
  3020 | D:4      | Noticed Pikel
  3020 | D:4      | Noticed a slave
  3021 | D:4      | Noticed a slave
  3364 | D:3      | Slain by Pikel

Vault maps used:
D:1:      elethiomel_arrival_maze
D:2:      first_ration, chequers_ecumenical_altar_simple, uniq_sigmund
D:3:      minmay_roachtagon
D:4:      nicolae_overflow_hidden_temple, yredelemnul_forgotten_temple_becter,
          minmay_misc_feat_columns, uniq_ijyb, uniq_pikel, uniq_robin

Skill      XL: |  1  2  3  4  5  6 |
---------------+-------------------+-----
Earth Magic    | 4 6 7 |  7.0
Spellcasting   | 3 4 |  4.0
Dodging        | |  1.7
Stealth        | |  2.4
Transmutations | |  1.1

Action                   |  1- 3 |  4- 6 || total
-------------------------+-------+-------++-------
Melee: Unarmed           |     2 |       ||     2
       Club              |    26 |       ||    26
       Dagger            |       |    91 ||    91
       Whip              |       |    62 ||    62
 Cast: Sandblast         |    26 |    22 ||    48
       Stone Arrow       |       |     9 ||     9
 Stab: Sleeping          |       |     3 ||     3
  Eat: Chunk             |     2 |     7 ||     9
Armor: Robe              |    14 |    36 ||    50
Dodge: Dodged            |    34 |   120 ||   154

Table legend:
 A = Spawn XP
 B = Non-spawn XP
 C = Spawn XP percentage of total XP
 D = Spawn monster count
 E = Non-spawn monster count
 F = Spawn count percentage of total count
 G = Total turns spent on level
                    A         B        C        D         E        F      G
               +---------+---------+-------+---------+---------+-------+---------
         Total |       0 |     391 |   0.0 |       0 |      65 |   0.0 |  3364
               +---------+---------+-------+---------+---------+-------+---------
           D:1 |       0 |      24 |   0.0 |       0 |      13 |   0.0 |  1132
           D:2 |       0 |     283 |   0.0 |       0 |      22 |   0.0 |  1377
           D:3 |       0 |      75 |   0.0 |       0 |      25 |   0.0 |   776
           D:4 |       0 |       9 |   0.0 |       0 |       5 |   0.0 |    79
               +---------+---------+-------+---------+---------+-------+---------
